 Dungeon Crawl Stone Soup version 0.30-a0-12-gd8047c6341 (webtiles) character file.

Game seed: 4554963254624517600

14 nickcage the Cudgeller (level 2, -6/25 HPs)
             Began as a Minotaur Gladiator on Aug 23, 2022.
             Mangled by Crazy Yiuf
             ... wielding a +3 quarterstaff of chaos
              (13 damage)
             ... on level 2 of the Dungeon.
             The game lasted 00:01:18 (1045 turns).

nickcage the Cudgeller (Minotaur Gladiator)         Turns: 1045, Time: 00:01:19

Health: -6/25      AC:  8    Str: 18    XL:     2   Next: 31%
Magic:  0/1        EV:  7    Int:  5    God:
Gold:   87         SH:  0    Dex: 11    Spells: 1/1 levels left

rFire   . . .      SeeInvis .    a - +0 flail
rCold   . . .      Faith    .    (no shield)
rNeg    . . .      Spirit   .    m - +0 chain mail
rPois   .          Reflect  .    c - +0 hat
rElec   .          Harm     .    (no cloak)
rCorr   .          Rampage  .    (no gloves)
Will    .....                    (no boots)
Stlth   ..........               (no amulet)
HPRegen 0.08/turn                (no ring)
MPRegen 0.07/turn                (no ring)

@: mighty
A: horns 2, retaliatory headbutt
a: no special abilities


You were on level 2 of the Dungeon.
You visited 1 branch of the dungeon, and saw 2 of its levels.

You collected 87 gold pieces.

Inventory:

Hand Weapons
 a - a +0 flail (weapon)
Missiles
 d - 3 throwing nets
 e - a javelin (quivered)
Armour
 b - a +0 leather armour
 c - a +0 hat (worn)
 m - a +0 chain mail (worn)
Scrolls
 f - 2 scrolls of immolation
 g - a scroll of vulnerability {unknown}
 h - a scroll of silence {unknown}
 i - a scroll of magic mapping {unknown}
 k - a scroll of enchant armour {unknown}
 l - 2 scrolls of identify {unknown}
 n - a scroll of brand weapon {unknown}
Potions
 j - a potion of haste {unknown}


   Skills:
 - Level 2.4 Fighting
 + Level 4.6 Maces & Flails
 - Level 2.0 Throwing
 - Level 3.2 Dodging


You had one spell level left.
You didn't know any spells.
Your spell library was empty.

Dungeon Overview and Level Annotations

Branches:
Dungeon (2/15)

Altars:

Annotations:
D:2 Crazy Yiuf


Innate Abilities, Weirdness & Mutations

You have a pair of horns on your head.
You reflexively headbutt those who attack you in melee.


Message History

You sock the ball python!
You kill the ball python!
No target in view!
No target in view!
HP restored.
f - 2 scrolls of immolation (gained 1)
There is a faded altar of an unknown god here.
You see here a ball python corpse.
l - 2 scrolls labelled NIKUCIUXTACS (gained 1)
n - a scroll labelled BALELI VAMMAMP A goblin comes into view.
It is wielding a +0 dagger.
The goblin shouts!
The goblin barely misses you.
You hit the goblin. You headbutt the goblin.
The goblin is heavily wounded.
The goblin closely misses you.
You sock the goblin!
You kill the goblin!
No target in view!
You see here a +0 dagger.
You open the door.
There is an open door here.
Found a hammer.
Found a runed translucent door.
Crazy Yiuf shouts!
You open the door. You closely miss Crazy Yiuf.
Your headbutt misses Crazy Yiuf.
Crazy Yiuf hits you with a +3 quarterstaff of chaos.
You feel very mighty all of a sudden.
You barely miss Crazy Yiuf.
Crazy Yiuf says, "Snower aubergine forty-two!"
Crazy Yiuf hits you with a +3 quarterstaff of chaos.
You feel mightier all of a sudden.
You sock Crazy Yiuf!
Crazy Yiuf is severely wounded.
Crazy Yiuf hits you with a +3 quarterstaff of chaos.
* * * LOW HITPOINT WARNING * * *
You feel your power leaking away.
Crazy Yiuf hits you with a +3 quarterstaff of chaos!
Ouch! That really hurt!
You die...

#####.#####
#.........#
#.###.###.#
#####
#..##.# #.#
#)..#
#.###.###.##
#...# ###
#....... ...
####...# #g#
#..... ♣@♣♣
## #.....
♣♣.♣ #.##
#..... ♣.♣♣
#..## ##...#
♣♣.♣ #...##
###.. ♣♣.♣♣
#....####...
♣♣...♣
#....'......
♣....♣
#....###....
#....#
#...## #.#.#
#....###..##
#.###


You could see Crazy Yiuf.

Vanquished Creatures
  A dart slug (D:2)
  An endoplasm (D:1)
  3 goblins
  3 kobolds (D:1)
  A ball python (D:2)
  A frilled lizard (D:1)
  2 rats
12 creatures vanquished.

Notes
Turn   | Place    | Note
-------+----------+-------------------------------------------
     0 | D:1      | nickcage the Minotaur Gladiator began the quest for the
                  | Orb.
     0 | D:1      | Reached XP level 1. HP: 18/18 MP: 0/0
    93 | D:1      | Reached skill level 4 in Maces & Flails
   541 | D:1      | Reached XP level 2. HP: 21/25 MP: 1/1
   807 | D:2      | Found a faded altar of an unknown god.
  1038 | D:2      | Found a runed translucent door.
  1039 | D:2      | Noticed Crazy Yiuf
  1045 | D:2      | Mangled by Crazy Yiuf

Illustrated notes

Levels and vault maps discovered:
D:1:      ncdulo_smallfort, layout_basic
D:2:      layout_loops_corners, hellmonk_ecumenical_altar_blasted,
          uniq_crazy_yiuf_cottage, uniq_sigmund

Skill      XL: |  1 |
---------------+----+-----
Maces & Flails | 4 |  4.6
Fighting       | |  2.4
Throwing       | |  2.0
Dodging        | |  3.2

Action                   || total
-------------------------++-------
Melee: Flail             ||    24
       Headbutt          ||     4
Throw: Javelin           ||     1
Armor: Leather armour    ||     2
       Chain mail        ||     3
Dodge: Dodged            ||    10

Table legend: (Time is in decaauts)
 A = Elapsed time spent in this place.
 B = Non-inter-level travel time spent in this place.
 C = Inter-level travel time spent in this place.
 D = Time resting spent in this place.
 E = Time spent auto-exploring this place.
 F = Levels seen in this place.
 G = Mean time per level.
                   A        B        C        D        E       F      G
               +--------+--------+--------+--------+--------+-----+--------+
         Total |   1049 |   1038 |     11 |      0 |    938 |   2 |  524.5 |
       Dungeon |   1049 |   1038 |     11 |      0 |    938 |   2 |  524.5 |
               +--------+--------+--------+--------+--------+-----+--------+

Top non-repeatable levels by time:
     D:1: 808 daAuts
     D:2: 241 daAuts
